 Dungeon Crawl Stone Soup version 0.26-a0-665-gefeb406119 (console) character file.

Game seed: 18016247445358188753

64 om the Shield-Bearer (level 3, -1/49 HPs)
             Began as a Minotaur Fighter on Oct 15, 2020.
             Slain by an orc warrior
             ... wielding a +2 battleaxe of venom
              (22 damage)
             ... on level 2 of the Dungeon.
             The game lasted 00:01:34 (1369 turns).

om the Shield-Bearer (Minotaur Fighter)             Turns: 1369, Time: 00:01:35

Health: -1/49      AC: 21    Str: 20    XL:     3   Next: 91%
Magic:  2/2        EV:  2    Int:  5    God:
Gold:   118        SH:  9    Dex: 10    Spells: 2/2 levels left

rFire    . . .     SeeInvis .   a - +0 war axe
rCold    . . .     Faith    .   c - +0 kite shield
rNeg     + + +     Spirit   .   (armour currently unavailable)
rPois    +         Reflect  .   (helmet currently unavailable)
rElec    .         Harm     .   (cloak currently unavailable)
rCorr    .         Rampage  .   (gloves currently unavailable)
MR       .....     NoTele   +   (boots currently unavailable)
Stlth    +.........             (no amulet)
HPRegen  0.16/turn              (no ring)
MPRegen  0.08/turn              (no ring)

@: lethally poisoned (-1 -> -8), tree-form
A: (retaliatory headbutt)
a: no special abilities


You were on level 2 of the Dungeon.
You were a tree.
You visited 1 branch of the dungeon, and saw 2 of its levels.

You collected 118 gold pieces.

Inventory:

Hand Weapons
 a - a +0 war axe (weapon)
Armour
 b - a +0 scale mail (melded)
 c - a +0 kite shield (worn)
 i - a +0 pair of gloves (melded)
Scrolls
 f - a scroll of amnesia {unknown}
 g - 2 scrolls of identify
 h - 2 scrolls of remove curse {unknown}
 m - a scroll of enchant weapon {unknown}
 n - a scroll of fog {unknown}
Potions
 d - a potion of might
 e - a potion of lignification
 j - a potion of stabbing {unknown}
 k - a potion of ambrosia {unknown}
 l - a potion of haste {unknown}
 o - a potion of mutation {unknown}


   Skills:
 + Level 4.0 Fighting
 * Level 3.6 Axes
 + Level 4.0 Armour
 + Level 1.3 Dodging
 + Level 4.1 Shields


You had 2 spell levels left.
You didn't know any spells.
Your spell library was empty.

Dungeon Overview and Level Annotations

Branches:
Dungeon (2/15)

Altars:
Trog


Innate Abilities, Weirdness & Mutations

((You reflexively headbutt those who attack you in melee.))
((You have a pair of horns on your head.))


Message History

The orc wizard hits you but does no damage.
As you read the scroll labeled PEABBO ZOXAMOL, it crumbles to dust.
It is a scroll of identify.
e - 2 potions of lignification The orc wizard closely misses you.
Really quaff the potion of lignification?
You turn into a tree.
Your +0 pair of gloves melds into your body.
Your +0 scale mail melds into your body.
Your roots penetrate the ground.
You closely miss the orc warrior.
The orc wizard casts a cantrip, but nothing happens.
The orc warrior hits you but does no damage.
You are poisoned.
You barely miss the orc warrior.
You feel sick.
The orc wizard casts a cantrip, but nothing happens.
The orc warrior hits you but does no damage.
The orc wizard casts a cantrip, but nothing happens.
The orc warrior hits you with a +2 battleaxe of venom!!
You die...

....................#
#.[.)....(....#####.#
#.....#.....#.#.....#
..>.........#.#.#####
####.#.#....#.#.#
########.#.#.#
##..#.# .≈≈####.#
...≈≈# #.##
....≈≈##..#
.....≈≈##♣#
≈≈....≈≈#o#
♣≈..(.≈#o# ♣≈....≈#)#
♣≈.....'.# ♣≈..$..'.#
♣≈....≈### ♣≈....≈#
≈≈....≈≈# ?..).≈≈##
o...≈≈#


You could see an orc warrior and an orc wizard (fast).

Vanquished Creatures
  An orc wizard (D:2)
  An adder (D:2)
  An adder zombie (D:2)
  A worm (D:2)
  An orc (D:2)
  A giant cockroach (D:1)
  2 hobgoblins
  3 bats (D:1)
  2 frilled lizards (D:1)
  5 goblins
  5 kobolds
  4 rats
27 creatures vanquished.

Notes
Turn   | Place    | Note
-------+----------+-------------------------------------------
     0 | D:1      | om the Minotaur Fighter began the quest for the Orb.
     0 | D:1      | Reached XP level 1. HP: 19/19 MP: 0/0
   310 | D:1      | Reached XP level 2. HP: 27/27 MP: 1/1
   996 | D:2      | Found a bloodstained altar of Trog.
  1137 | D:2      | Reached skill level 1 in Dodging
  1327 | D:2      | Reached XP level 3. HP: 33/33 MP: 2/2
  1353 | D:2      | Noticed an orc warrior
  1369 | D:2      | Slain by an orc warrior

Illustrated notes

Levels and vault maps discovered:
D:1:      dpeg_cavernosity, layout_basic
D:2:      layout_basic, lemuel_doored_altar, minmay_misc_feat_room,
          kennysheep_big_empty_room

Skill      XL: |  1  2  3 |
---------------+----------+-----
Axes           | 3 |  3.6
Dodging        | 1 |  1.3
Shields        | 4 |  4.1
Fighting       | 4 |  4.0
Armour         | 4 |  4.0

Action                   || total
-------------------------++-------
Melee: War axe           ||    65
       Headbutt          ||     8
  Use: Scroll            ||     1
       Potion            ||     1
Armor: Scale mail        ||    21
       Skin              ||     2
Dodge: Dodged            ||    22
Block: Kite shield       ||    32

Table legend: (Time is in decaauts)
 A = Elapsed time spent in this place.
 B = Non-inter-level travel time spent in this place.
 C = Inter-level travel time spent in this place.
 D = Time resting spent in this place.
 E = Time spent auto-exploring this place.
 F = Levels seen in this place.
 G = Mean time per level.
                   A        B        C        D        E       F      G
               +--------+--------+--------+--------+--------+-----+--------+
         Total |   1397 |   1307 |     90 |     16 |   1084 |   2 |  698.5 |
       Dungeon |   1397 |   1307 |     90 |     16 |   1084 |   2 |  698.5 |
               +--------+--------+--------+--------+--------+-----+--------+

Top non-repeatable levels by time:
     D:1: 977 daAuts
     D:2: 420 daAuts
